 Dungeon Crawl Stone Soup version 0.30-a0-313-gae38170b09 (webtiles) character file.

Game seed: 18141085779900630089

126 daveb22 the Digger (level 4, 0/40 HPs)
             Began as a Troll Earth Elementalist on Oct 23, 2022.
             Slain by a scorpion (6 damage)
             ... on level 4 of the Dungeon on Oct 26, 2022.
             The game lasted 00:18:44 (2775 turns).

daveb22 the Digger (Troll Earth Elementalist)       Turns: 2775, Time: 00:18:45

Health: 0/40       AC:  4    Str: 16    XL:     4   Next: 84%
Magic:  5/5        EV: 10    Int: 13    God:
Gold:   176        SH:  0    Dex: 10    Spells: 5/6 levels left

rFire   . . .      SeeInvis .    l - staff of air
rCold   . . .      Faith    .    (no shield)
rNeg    . . .      Spirit   .    a - +0 robe
rPois   .          Reflect  .    (helmet restricted)
rElec   +          Harm     .    (no cloak)
rCorr   .          Rampage  .    (gloves unavailable)
Will    .....                    (boots unavailable)
Stlth   +.........               (no amulet)
HPRegen 1.06/turn                (no ring)
MPRegen 0.09/turn                (no ring)

@: lethally poisoned (0 -> -6)
A: large, unfitting armour, claws 3, regeneration 1, shaggy fur 1, tough skin 1
a: no special abilities


You were on level 4 of the Dungeon.
You visited 1 branch of the dungeon, and saw 4 of its levels.

You collected 176 gold pieces.

Inventory:

Hand Weapons
 o - a +0 dagger
 q - a +2 flail of protection
Armour
 a - a +0 robe (worn)
Magical Staves
 l - a staff of air (weapon)
 n - a staff of conjuration
Jewellery
 u - a ring of positive energy
Scrolls
 c - 5 scrolls of identify {unknown}
 e - 2 scrolls of teleportation {unknown}
 f - a scroll of butterflies {unknown}
 h - a scroll of blinking {unknown}
 j - a scroll of enchant armour {unknown}
 k - a scroll of magic mapping {unknown}
 m - a scroll of summoning {unknown}
 v - a scroll of immolation {unknown}
Potions
 b - a potion of magic
 d - 2 potions of lignification {unknown}
 g - a potion of brilliance {unknown}
 i - a potion of attraction {unknown}
 p - a potion of mutation {unknown}
 r - a potion of ambrosia {unknown}
 s - a potion of haste {unknown}
 t - a potion of flight {unknown}


   Skills:
 + Level 0.5 Fighting
 + Level 1.0 Staves
 + Level 2.1 Dodging
 + Level 1.2 Stealth
 + Level 1.4 Unarmed Combat
 + Level 1.5 Spellcasting
 + Level 0.6 Transmutations
 + Level 3.6 Earth Magic


You had 5 spell levels left.
You knew the following spells:

 Your Spells              Type           Power      Damage    Failure   Level
a - Sandblast             Erth           20%        2d7       6%          1

Your spell library contained the following spells:

 Spells                   Type           Power      Damage    Failure   Level
 Passwall                 Tmut/Erth      5%         N/A       17%         2
 Wereblood                Tmut           2%         N/A       32%         2
 Stone Arrow              Conj/Erth      10%        3d7       36%         3
 Sublimation of Blood     Necr           1%         N/A       38%         2
 Petrify                  Tmut/Erth      6%         N/A       73%         4
 Summon Hydra             Summ           0%         N/A       100%        7


Dungeon Overview and Level Annotations

Branches:
Dungeon (4/15)
 Temple: D:4-7

Altars:
Yredelemnul


Innate Abilities, Weirdness & Mutations

You are too large for most types of armour.
You have claws for hands.
Your natural rate of healing is unusually fast.
You are covered in fur. (AC +1)
You have tough skin. (AC +1)


Message History

Aiming: Sandblast (safe; 6% risk of failure)
Press: ? - help, Shift-Dir - straight line, f - scorpion
Aim: a scorpion (82% to hit)
The blast of sand misses the scorpion.
You feel sick. The scorpion closely misses you. The scorpion barely misses you.
Casting: Sandblast (safe; 6% risk of failure)
Confirm with . or Enter, or press ? or * to list all spells.
Aiming: Sandblast (safe; 6% risk of failure)
Press: ? - help, Shift-Dir - straight line, f/p - scorpion
Aim: a scorpion (82% to hit)
The blast of sand hits the scorpion but does no damage.
You feel sick. The scorpion stings you.
You are more poisoned.
The scorpion poisons you! The scorpion closely misses you.
Casting: Sandblast (safe; 6% risk of failure)
Confirm with . or Enter, or press ? or * to list all spells.
Aiming: Sandblast (safe; 6% risk of failure)
Press: ? - help, Shift-Dir - straight line, f/p - scorpion
Aim: a scorpion (82% to hit)
The blast of sand hits the scorpion.
The scorpion is moderately wounded.
You feel very sick. The scorpion stings you. x2
You are lethally poisoned!
The scorpion poisons you!
Casting: Sandblast (safe; 6% risk of failure)
Confirm with . or Enter, or press ? or * to list all spells.
Aiming: Sandblast (safe; 6% risk of failure)
Press: ? - help, Shift-Dir - straight line, f/p - scorpion
Aim: a scorpion (moderately wounded, 82% to hit)
The blast of sand hits the scorpion.
The scorpion is heavily wounded.
* * * LOW HITPOINT WARNING * * *
You feel extremely sick. The scorpion closely misses you.
Magic courses through your body.
* * * LOW HITPOINT WARNING * * *
You feel very sick. The scorpion stings you.
You die...

#........ #..#......
#........ #...?....
#...##### #..#....
#<..##### #..<...#..#
###...... #......#..#
#...... #......#..#
....... #...s..#..# #
#...... #.#. #@#
#..#.#.#.###..
.......#.###..#(#.#.###..
.....>...................
......#.#....###........
#...#...................
#.
#...#.#.#...####........
###.
###...#.#.###.####.##.....
.....
#.....#.#..........##..###
.....
#.....#.#..........##).#


You could see a scorpion.

Vanquished Creatures
  Robin (D:3)
  2 adders
  2 worms (D:3)
  3 dart slugs
  8 endoplasms
  2 giant cockroaches
  6 hobgoblins
  6 jackals
  5 quokkas
  6 ball pythons
  7 bats
  3 frilled lizards
  11 goblins
  8 kobolds
  13 rats
83 creatures vanquished.

Notes
Turn   | Place    | Note
-------+----------+-------------------------------------------
     0 | D:1      | daveb22 the Troll Earth Elementalist began the quest for
                  | the Orb.
     0 | D:1      | Reached XP level 1. HP: 16/16 MP: 1/1
    42 | D:1      | Upgraded the game from 0.30-a0-305-g026cb31310 to
                  | 0.30-a0-310-g7d6cbdfea6
    83 | D:1      | Reached skill level 3 in Earth Magic
    86 | D:1      | Reached XP level 2. HP: 15/24 MP: 3/3
   467 | D:2      | Upgraded the game from 0.30-a0-310-g7d6cbdfea6 to
                  | 0.30-a0-313-gae38170b09
   471 | D:2      | Reached XP level 3. HP: 31/31 MP: 2/4
   499 | D:2      | Found a basalt altar of Yredelemnul.
   733 | D:2      | Reached skill level 1 in Unarmed Combat
  1881 | D:3      | Reached XP level 4. HP: 37/39 MP: 2/5
  2017 | D:3      | Noticed Robin
  2068 | D:3      | Killed Robin
  2723 | D:4      | Reached skill level 1 in Staves
  2766 | D:4      | Noticed a scorpion
  2775 | D:4      | Slain by a scorpion

Illustrated notes

Levels and vault maps discovered:
D:1:      amcnicky_arrival_gap_in_the_tavern_cellar, layout_basic
D:2:      layout_loops_corners, basic_altar
D:3:      layout_loops_corners, gup_sewer_entry_bubbles, grunt_ministairs_6,
          uniq_robin
D:4:      layout_basic, nicolae_overflow_squiral, nicolae_figureground_pulse

Skill      XL: |  1  2  3  4 |
---------------+-------------+-----
Earth Magic    | 3 |  3.6
Unarmed Combat | 1 |  1.4
Dodging        | 2 |  2.1
Staves         | 1 |  1.0
Fighting       | |  0.5
Stealth        | |  1.2
Spellcasting   | |  1.5
Transmutations | |  0.6

Action                   |  1- 3 |  4- 6 || total
-------------------------+-------+-------++-------
Melee: Unarmed           |    81 |       ||    81
       Staff             |   104 |   122 ||   226
       Punch             |       |     1 ||     1
 Cast: Sandblast         |    11 |    28 ||    39
  Use: Potion            |       |     1 ||     1
 Stab: Sleeping          |     2 |       ||     2
Armor: Robe              |    85 |    65 ||   150
Dodge: Dodged            |   110 |    86 ||   196

Table legend: (Time is in decaauts)
 A = Elapsed time spent in this place.
 B = Non-inter-level travel time spent in this place.
 C = Inter-level travel time spent in this place.
 D = Time resting spent in this place.
 E = Time spent auto-exploring this place.
 F = Levels seen in this place.
 G = Mean time per level.
                   A        B        C        D        E       F      G
               +--------+--------+--------+--------+--------+-----+--------+
         Total |   2864 |   2864 |      0 |     62 |   1519 |   4 |  716.0 |
       Dungeon |   2864 |   2864 |      0 |     62 |   1519 |   4 |  716.0 |
               +--------+--------+--------+--------+--------+-----+--------+

Top non-repeatable levels by time:
     D:3: 1215 daAuts
     D:2: 1082 daAuts
     D:1: 439 daAuts
     D:4: 126 daAuts
